Canucks vs Avalanche

Created - 2 novembre 2017 at 17:51

Goals
1 2 3 OT1 T
Canucks 0 1 1 0 2
Avalanche 0 0 2 1 3
Shots
1 2 3 OT1 T
Canucks 5 15 9 1 30
Avalanche 13 9 10 1 33

1st period

No Goal

Penalties :
Jaccob Slavin (COL) for Hooking (Minor) at 0:32, Brandon Carlo (COL) for High sticking (Minor) at 2:34, Adam Henrique (VAN) for Hooking (Minor) at 5:15, Erik Karlsson (VAN) for Hooking (Minor) at 9:28, Adam Henrique (VAN) for Hooking (Minor) at 18:04

2nd period

1. Canucks , Adam Henrique 4 (Cody Ceci 1, Alex Pietrangelo 11) at 2:30

Penalties :
No Penalty

3rd period

2. Avalanche , Mitch Marner 6 (Derek Stepan 10) at 7:03
3. Avalanche , Max Domi 3 (Alexander Steen 6, Deryk Engelland 1) at 10:19
4. Canucks , Brayden Point 2 (Adam Henrique 7, Mattias Ekholm 4) at 18:47 (PP)

Penalties :
Deryk Engelland (COL) for Fighting (Major) at 12:01, Chris Kreider (VAN) for Fighting (Major) at 12:01, Zach Werenski (COL) for Interference (Minor) at 12:32, Evander Kane (VAN) for Holding (Minor) at 13:30, Mats Zuccarello (COL) for Tripping (Minor) at 18:11

Overtime #1

5. Avalanche , Martin Hanzal 4 (Deryk Engelland 2, Alexander Steen 7) at 2:27

Penalties :
No Penalty

Goalie Stats

Devan Dubnyk (VAN), 30 saves from 33 shots - (0.909), OTL, 4-7-4, 62:28 minutes
Jake Allen (COL), 28 saves from 30 shots - (0.933), W, 5-3-0, 62:28 minutes

Players Stats for Canucks

Player Name              G  A  P  +/- PIM S  H  SB GA TA FO     MP     PP MP  PK MP  
------------------------------------------------------------------------------------
Adam Henrique            1  1  2   0  4   2  2  0  0  0  4/13   14:57   3:02   0:34 
Alex Pietrangelo         0  1  1  -2  0   3  0  0  0  0  0/0    25:42   3:25   3:45 
Anthony Beauvillier      0  0  0   0  0   1  2  0  0  0  1/1    10:51   0:00   0:16 
Brayden Point            1  0  1   0  0   2  0  0  0  0  4/14   11:08   3:02   1:32 
Chris Kreider            0  0  0  -1  5   5  1  0  0  0  0/0    14:12   0:00   0:00 
Cody Ceci                0  1  1  -1  0   0  4  2  0  0  0/0    21:00   2:07   2:25 
Erik Karlsson            0  0  0   0  2   4  0  3  0  0  0/0    25:45   3:25   2:20 
Evander Kane             0  0  0   0  2   4  2  0  0  0  1/1    21:03   2:29   2:12 
Evgeny Kuznetsov         0  0  0   0  0   2  2  0  0  0  11/28  24:10   3:02   3:37 
Jonathan Marchessault    0  0  0  -1  0   3  1  0  0  0  0/1    18:48   2:30   0:00 
Logan Shaw               0  0  0   0  0   0  0  0  0  0  0/0     6:34   0:00   0:00 
Marcus Kruger            0  0  0   0  0   1  0  0  0  0  0/0     7:29   0:00   0:00 
Matt Duchene             0  0  0  -2  0   2  1  0  0  0  23/36  23:20   2:30   3:43 
Mattias Ekholm           0  1  1   0  0   0  2  6  0  0  0/0    23:10   2:07   2:14 
Michael Matheson         0  0  0   0  0   1  0  0  0  0  0/0    12:50   0:00   0:00 
Nathan Beaulieu          0  0  0   0  0   0  1  0  0  0  0/0    14:00   0:00   1:10 
Ryan Strome              0  0  0  -1  0   0  0  0  0  0  1/2    14:47   0:00   0:00 
William Karlsson         0  0  0   0  0   0  1  1  0  0  0/0    10:35   0:00   0:00 

Players Stats for Avalanche

Player Name              G  A  P  +/- PIM S  H  SB GA TA FO     MP     PP MP  PK MP  
------------------------------------------------------------------------------------
Alexander Steen          0  2  2   2  0   6  0  0  0  0  6/16   28:19   3:34   4:03 
Alexandre Burrows        0  0  0  -1  0   2  0  0  0  0  0/0    11:48   0:18   0:00 
Brandon Carlo            0  0  0  -1  2   1  0  1  0  0  0/0    14:39   0:18   1:37 
Derek Stepan             0  1  1   1  0   3  1  0  0  0  15/26  21:50   2:05   1:29 
Deryk Engelland          0  2  2   2  5   1  3  1  0  0  0/0    19:32   2:05   1:51 
Dylan Larkin             0  0  0  -1  0   2  3  0  0  0  0/0    11:48   0:18   0:00 
Jaccob Slavin            0  0  0   1  2   1  0  2  0  0  0/0    22:45   3:34   2:04 
Jeff Skinner             0  0  0   1  0   2  1  0  0  0  0/0    21:48   2:05   1:29 
Kevin Shattenkirk        0  0  0   1  0   1  1  0  0  0  0/0    26:19   3:20   3:09 
Martin Hanzal            1  0  1   1  0   3  3  0  0  0  14/28  22:49   3:34   3:29 
Mats Zuccarello          0  0  0   0  2   0  0  1  0  0  0/1    17:41   3:34   0:00 
Matt Cullen              0  0  0  -1  0   2  0  0  0  0  11/17  12:19   0:18   0:00 
Max Domi                 1  0  1   1  0   1  1  0  0  0  0/0     4:58   0:00   0:00 
Mitch Marner             1  0  1   1  0   2  3  0  0  0  0/1    19:30   2:05   0:00 
Sami Vatanen             0  0  0   0  0   0  0  0  0  0  0/0     3:26   0:00   0:32 
Tomas Hertl              0  0  0   1  0   0  0  0  0  0  5/7     5:32   0:00   0:34 
Tyson Barrie             0  0  0  -1  0   2  0  0  0  0  0/0    15:06   0:32   0:00 
Zach Werenski            0  0  0   1  2   4  0  2  0  0  0/0    20:37   2:05   1:51 

3 Stars

1 - Mitch Marner (COL)
2 - Martin Hanzal (COL)
3 - Alexander Steen (COL)

Power Play

Canucks - 1 on 4 Attempt(s) - 25.00%
Avalanche - 0 on 4 Attempt(s) - 0.00%

Penalty Kill

Canucks - 4 on 4 Attempt(s) - 100.00% - Score 0 goal in Penalty Kill
Avalanche - 3 on 4 Attempt(s) - 75.00% - Score 0 goal in Penalty Kill

Team Stat

Canucks - Hits : 19 - Faceoff Wins : 45 - Blocked Shots : 12 - Penalty Minutes : 13
Avalanche - Hits : 16 - Faceoff Wins : 51 - Blocked Shots : 7 - Penalty Minutes : 13

Official

Referees : Brian Pochmara and Graham Skiliter
Linesman : Brian Murphy and Matt MacPherson

Game Notes

Deryk Engelland and Chris Kreider fight to a draw at 12:01 of 3rd period

Finance

Level 1 -- Attendance: 6226 (95.78%) -- Ticket Income 635 052 $
Level 2 -- Attendance: 4424 (88.48%) -- Ticket Income 331 800 $
Level 3 -- Attendance: 2913 (83.23%) -- Ticket Income 160 215 $
Level 4 -- Attendance: 2007 (100.00%) -- Ticket Income 90 315 $
Luxury Box -- Attendance: 905 (90.50%) -- Ticket Income 181 000 $
Game was played at the Pepsi Center.
Total Attendance: 16475 (91.49%)
Total Ticket Income: 1 398 382 $
Other Income: 209 757 $
Total Income: 1 608 139 $

% Time on Ice - Canucks

Lines # - Real PCT - Wanted PCT - Time Play
Normal Forward
1 - 33% - 36% - 15:34
2 - 31% - 30% - 14:47
3 - 22% - 24% - 10:35
4 - 14% - 10% - 6:34
Normal Defense
1 - 38% - 40% - 18:11
2 - 34% - 35% - 16:11
3 - 27% - 25% - 12:50
4 - 1% - 0% - 0:18
PP Forward
1 - 45% - 60% - 2:30
2 - 55% - 40% - 3:02
PP Defense
1 - 62% - 60% - 3:25
2 - 38% - 40% - 2:07
PK Forward
1 - 63% - 60% - 3:45
2 - 37% - 40% - 2:12
PK Defense
1 - 63% - 60% - 3:45
2 - 37% - 40% - 2:12
PK3 Forward
1 - 0% - 60%
2 - 0% - 40%
PK3 Defense
1 - 0% - 60%
2 - 0% - 40%
44 Forward
1 - 100% - 60% - 1:01
2 - 0% - 40% - 0:00
44 Defense
1 - 72% - 60% - 0:44
2 - 28% - 40% - 0:17
Last Minute Offensive  - 0:00
Last Minute Defensive  - 0:00
Total
Forward - 60:00
Defense - 60:00

% Time on Ice - Avalanche

Lines # - Real PCT - Wanted PCT - Time Play
Normal Forward
1 - 29% - 40% - 13:37
2 - 37% - 30% - 17:25
3 - 24% - 20% - 11:30
4 - 10% - 10% - 4:58
Normal Defense
1 - 34% - 40% - 16:17
2 - 35% - 30% - 16:42
3 - 25% - 20% - 12:04
4 - 5% - 10% - 2:27
PP Forward
1 - 65% - 60% - 3:52
2 - 35% - 40% - 2:05
PP Defense
1 - 65% - 60% - 3:52
2 - 35% - 40% - 2:05
PK Forward
1 - 73% - 60% - 4:03
2 - 27% - 40% - 1:29
PK Defense
1 - 57% - 60% - 3:09
2 - 43% - 40% - 2:23
PK3 Forward
1 - 0% - 60%
2 - 0% - 40%
PK3 Defense
1 - 0% - 60%
2 - 0% - 40%
44 Forward
1 - 95% - 60% - 0:58
2 - 5% - 40% - 0:03
44 Defense
1 - 33% - 60% - 0:20
2 - 67% - 40% - 0:41
Last Minute Offensive  - 0:00
Last Minute Defensive  - 0:00
Total
Forward - 60:00
Defense - 60:00

Play by Play

1st period


0:01 of 1st period - Martin Hanzal wins face-off versus Evgeny Kuznetsov in neutral zone.
0:22 of 1st period - Kevin Shattenkirk is hit by Jonathan Marchessault and loses puck.
0:32 of 1st period - Minor Penalty to Jaccob Slavin for Hooking.
0:33 of 1st period - Evgeny Kuznetsov wins face-off versus Alexander Steen in Avalanche zone.
0:36 of 1st period - Shot by Brayden Point.
0:36 of 1st period - Shot Blocked by Deryk Engelland.
0:38 of 1st period - Shot by Brayden Point.
0:38 of 1st period - Deflect By Evgeny Kuznetsov.
0:38 of 1st period - Shot Misses the Net.
0:58 of 1st period - Shot by Erik Karlsson.
0:58 of 1st period - Stopped by Jake Allen without a rebound.
0:59 of 1st period - Derek Stepan wins face-off versus Matt Duchene in Avalanche zone.
1:05 of 1st period - Icing by Jonathan Marchessault.
1:06 of 1st period - Matt Duchene wins face-off versus Derek Stepan in Canucks zone.
1:15 of 1st period - Shot by Matt Duchene.
1:15 of 1st period - Deflect By Evander Kane.
1:15 of 1st period - Stopped by Jake Allen without a rebound.
1:16 of 1st period - Alexander Steen wins face-off versus Matt Duchene in Avalanche zone.
1:22 of 1st period - Icing by Alex Pietrangelo.
1:23 of 1st period - Matt Duchene wins face-off versus Alexander Steen in Canucks zone.
1:27 of 1st period - Icing by Evander Kane.
1:28 of 1st period - Evander Kane wins face-off versus Alexander Steen in Canucks zone.
2:31 of 1st period - Shot by Adam Henrique.
2:31 of 1st period - Shot Hit the Post.
2:34 of 1st period - Minor Penalty to Brandon Carlo for High sticking.
2:35 of 1st period - Alexander Steen wins face-off versus Evgeny Kuznetsov in Avalanche zone.
3:02 of 1st period - Shot by Evgeny Kuznetsov.
3:02 of 1st period - Shot Misses the Net.
3:56 of 1st period - Shot by Alexander Steen.
3:56 of 1st period - Stopped by Devan Dubnyk without a rebound.
3:57 of 1st period - Alexander Steen wins face-off versus Adam Henrique in Canucks zone.
4:33 of 1st period - Icing by Brayden Point.
4:34 of 1st period - Matt Cullen wins face-off versus Matt Duchene in Canucks zone.
4:57 of 1st period - Shot by Chris Kreider.
4:57 of 1st period - Stopped by Jake Allen without a rebound.
4:58 of 1st period - Derek Stepan wins face-off versus Adam Henrique in Avalanche zone.
5:15 of 1st period - Minor Penalty to Adam Henrique for Hooking.
5:16 of 1st period - Matt Duchene wins face-off versus Martin Hanzal in Canucks zone.
6:24 of 1st period - Shot by Deryk Engelland.
6:24 of 1st period - Shot Hit the Post.
6:48 of 1st period - Shot by Tyson Barrie.
6:48 of 1st period - Stopped by Devan Dubnyk without a rebound.
6:49 of 1st period - Martin Hanzal wins face-off versus Matt Duchene in Canucks zone.
6:54 of 1st period - Shot by Kevin Shattenkirk.
6:54 of 1st period - Deflect By Martin Hanzal.
6:54 of 1st period - Shot Misses the Net.
7:06 of 1st period - Shot by Alexander Steen.
7:06 of 1st period - Stopped by Devan Dubnyk without a rebound.
7:07 of 1st period - Derek Stepan wins face-off versus Matt Duchene in Canucks zone.
7:24 of 1st period - Shot by Matt Cullen.
7:24 of 1st period - Stopped by Devan Dubnyk with a rebound.
8:41 of 1st period - Marcus Kruger is hit by Derek Stepan and loses puck.
9:03 of 1st period - Mitch Marner is hit by Chris Kreider and loses puck.
9:26 of 1st period - Mats Zuccarello is hit by Mattias Ekholm and loses puck.
9:28 of 1st period - Minor Penalty to Erik Karlsson for Hooking.
9:29 of 1st period - Matt Duchene wins face-off versus Martin Hanzal in Canucks zone.
9:57 of 1st period - Kevin Shattenkirk is hit by Mattias Ekholm and loses puck.
10:24 of 1st period - Shot by Brandon Carlo.
10:24 of 1st period - Stopped by Devan Dubnyk without a rebound.
10:25 of 1st period - Matt Duchene wins face-off versus Martin Hanzal in Canucks zone.
10:54 of 1st period - Shot by Kevin Shattenkirk.
10:54 of 1st period - Stopped by Devan Dubnyk without a rebound.
10:55 of 1st period - Derek Stepan wins face-off versus Brayden Point in Canucks zone.
10:56 of 1st period - Shot by Zach Werenski.
10:56 of 1st period - Stopped by Devan Dubnyk without a rebound.
10:57 of 1st period - Matt Duchene wins face-off versus Derek Stepan in Canucks zone.
11:41 of 1st period - Shot by Alexandre Burrows.
11:41 of 1st period - Stopped by Devan Dubnyk without a rebound.
11:42 of 1st period - Tomas Hertl wins face-off versus Brayden Point in Canucks zone.
11:57 of 1st period - Shot by Brayden Point.
11:57 of 1st period - Stopped by Jake Allen without a rebound.
11:58 of 1st period - Adam Henrique wins face-off versus Matt Cullen in Avalanche zone.
12:28 of 1st period - Icing by Kevin Shattenkirk.
12:29 of 1st period - Matt Cullen wins face-off versus Evgeny Kuznetsov in Avalanche zone.
12:58 of 1st period - Shot by Alexander Steen.
12:58 of 1st period - Stopped by Devan Dubnyk without a rebound.
12:59 of 1st period - Matt Duchene wins face-off versus Derek Stepan in Canucks zone.
12:59 of 1st period - Matt Duchene is hit by Mitch Marner.
13:23 of 1st period - Shot by Jeff Skinner.
13:23 of 1st period - Shot Misses the Net.
13:33 of 1st period - Brandon Carlo is hit by Matt Duchene and loses puck.
15:16 of 1st period - Off-side.
15:17 of 1st period - Matt Cullen wins face-off versus Matt Duchene in neutral zone.
15:21 of 1st period - Zach Werenski is hit by Nathan Beaulieu and loses puck.
15:28 of 1st period - Shot by Dylan Larkin.
15:28 of 1st period - Stopped by Devan Dubnyk without a rebound.
15:29 of 1st period - Matt Cullen wins face-off versus Brayden Point in Canucks zone.
15:52 of 1st period - Icing by Brayden Point.
15:53 of 1st period - Tomas Hertl wins face-off versus Brayden Point in Canucks zone.
16:09 of 1st period - Shot by Max Domi.
16:09 of 1st period - Shot Misses the Net.
16:25 of 1st period - Shot by Alexander Steen.
16:25 of 1st period - Shot Misses the Net.
16:27 of 1st period - Shot by Kevin Shattenkirk.
16:27 of 1st period - Shot Misses the Net.
17:01 of 1st period - Shot by Mitch Marner.
17:01 of 1st period - Shot Blocked by Erik Karlsson.
17:26 of 1st period - Icing by Deryk Engelland.
17:27 of 1st period - Matt Duchene wins face-off versus Matt Cullen in Avalanche zone.
17:59 of 1st period - Nathan Beaulieu is hit by Deryk Engelland and loses puck.
18:02 of 1st period - Shot by Chris Kreider.
18:02 of 1st period - Stopped by Jake Allen without a rebound.
18:03 of 1st period - Martin Hanzal wins face-off versus Adam Henrique in Avalanche zone.
18:03 of 1st period - Martin Hanzal is hit by Adam Henrique.
18:04 of 1st period - Minor Penalty to Adam Henrique for Hooking.
18:05 of 1st period - Matt Duchene wins face-off versus Martin Hanzal in Canucks zone.
18:44 of 1st period - Shot by Martin Hanzal.
18:44 of 1st period - Stopped by Devan Dubnyk without a rebound.
18:45 of 1st period - Derek Stepan wins face-off versus Brayden Point in Canucks zone.
18:58 of 1st period - Shot by Mitch Marner.
18:58 of 1st period - Shot Misses the Net.
19:00 of 1st period - Shot by Derek Stepan.
19:00 of 1st period - Shot Misses the Net.
19:02 of 1st period - Shot by Deryk Engelland.
19:02 of 1st period - Stopped by Devan Dubnyk with a rebound.
19:04 of 1st period - Shot by Derek Stepan.
19:04 of 1st period - Shot Blocked by Mattias Ekholm.
19:06 of 1st period - Shot by Zach Werenski.
19:06 of 1st period - Stopped by Devan Dubnyk with a rebound.
Goals for this period are 0 for Canucks vs 0 for Avalanche.
Shots for this period are 5 for Canucks vs 13 for Avalanche.

2nd period


0:01 of 2nd period - Matt Duchene wins face-off versus Martin Hanzal in neutral zone.
0:09 of 2nd period - Shot by Jonathan Marchessault.
0:09 of 2nd period - Stopped by Jake Allen without a rebound.
0:10 of 2nd period - Martin Hanzal wins face-off versus Matt Duchene in Avalanche zone.
0:25 of 2nd period - Shot by Chris Kreider.
0:25 of 2nd period - Stopped by Jake Allen without a rebound.
0:26 of 2nd period - Evgeny Kuznetsov wins face-off versus Derek Stepan in Avalanche zone.
1:57 of 2nd period - Shot by Mats Zuccarello.
1:57 of 2nd period - Shot Blocked by Mattias Ekholm.
2:08 of 2nd period - Icing by Mattias Ekholm.
2:09 of 2nd period - Matt Duchene wins face-off versus Matt Cullen in Canucks zone.
2:20 of 2nd period - Shot by Alexandre Burrows.
2:20 of 2nd period - Stopped by Devan Dubnyk without a rebound.
2:21 of 2nd period - Adam Henrique wins face-off versus Matt Cullen in Canucks zone.
2:30 of 2nd period - Shot by Adam Henrique.
2:30 of 2nd period - Goal by Adam Henrique - Canucks : 1 - Avalanche : 0.
2:31 of 2nd period - Derek Stepan wins face-off versus Evgeny Kuznetsov in neutral zone.
2:46 of 2nd period - Shot by Derek Stepan.
2:46 of 2nd period - Stopped by Devan Dubnyk without a rebound.
2:47 of 2nd period - Adam Henrique wins face-off versus Alexander Steen in Canucks zone.
3:04 of 2nd period - Shot by William Karlsson.
3:04 of 2nd period - Shot Misses the Net.
3:11 of 2nd period - Icing by Jaccob Slavin.
3:12 of 2nd period - Evgeny Kuznetsov wins face-off versus Martin Hanzal in Avalanche zone.
3:13 of 2nd period - Shot by Erik Karlsson.
3:13 of 2nd period - Stopped by Jake Allen without a rebound.
3:14 of 2nd period - Evgeny Kuznetsov wins face-off versus Derek Stepan in Avalanche zone.
3:49 of 2nd period - Shot by Evgeny Kuznetsov.
3:49 of 2nd period - Shot Blocked by Zach Werenski.
3:51 of 2nd period - Shot by Jonathan Marchessault.
3:51 of 2nd period - Deflect By Evgeny Kuznetsov.
3:51 of 2nd period - Shot Misses the Net.
3:53 of 2nd period - Shot by Alex Pietrangelo.
3:53 of 2nd period - Stopped by Jake Allen without a rebound.
3:54 of 2nd period - Matt Duchene wins face-off versus Martin Hanzal in Avalanche zone.
4:07 of 2nd period - Shot by Chris Kreider.
4:07 of 2nd period - Shot Blocked by Mats Zuccarello.
4:21 of 2nd period - Shot by Matt Duchene.
4:21 of 2nd period - Stopped by Jake Allen with a rebound.
4:26 of 2nd period - Icing by Kevin Shattenkirk.
4:27 of 2nd period - Martin Hanzal wins face-off versus Adam Henrique in Avalanche zone.
4:31 of 2nd period - Mats Zuccarello is hit by Anthony Beauvillier and loses puck.
4:39 of 2nd period - Shot by Adam Henrique.
4:39 of 2nd period - Stopped by Jake Allen without a rebound.
4:40 of 2nd period - Derek Stepan wins face-off versus Evgeny Kuznetsov in Avalanche zone.
5:13 of 2nd period - Shot by Mitch Marner.
5:13 of 2nd period - Shot Misses the Net.
5:21 of 2nd period - Shot by Jonathan Marchessault.
5:21 of 2nd period - Stopped by Jake Allen without a rebound.
5:22 of 2nd period - Martin Hanzal wins face-off versus Ryan Strome in Avalanche zone.
5:41 of 2nd period - Shot by Mats Zuccarello.
5:41 of 2nd period - Shot Blocked by Mattias Ekholm.
5:53 of 2nd period - Shot by Ryan Strome.
5:53 of 2nd period - Shot Misses the Net.
5:55 of 2nd period - Shot by Erik Karlsson.
5:55 of 2nd period - Shot Misses the Net.
7:22 of 2nd period - Icing by Jonathan Marchessault.
7:23 of 2nd period - Tomas Hertl wins face-off versus Evgeny Kuznetsov in Canucks zone.
8:12 of 2nd period - Icing by Zach Werenski.
8:13 of 2nd period - Derek Stepan wins face-off versus Brayden Point in Avalanche zone.
8:29 of 2nd period - Off-side.
8:30 of 2nd period - Matt Cullen wins face-off versus Matt Duchene in neutral zone.
8:52 of 2nd period - Shot by Dylan Larkin.
8:52 of 2nd period - Stopped by Devan Dubnyk without a rebound.
8:53 of 2nd period - Martin Hanzal wins face-off versus Evgeny Kuznetsov in Canucks zone.
8:53 of 2nd period - Mats Zuccarello is hit by Cody Ceci and loses puck.
9:03 of 2nd period - Evgeny Kuznetsov is hit by Martin Hanzal and loses puck.
9:11 of 2nd period - Alexander Steen is hit by Cody Ceci.
9:17 of 2nd period - Shot by Alexander Steen.
9:17 of 2nd period - Stopped by Devan Dubnyk without a rebound.
9:18 of 2nd period - Matt Duchene wins face-off versus Derek Stepan in Canucks zone.
9:52 of 2nd period - Shot by Ryan Strome.
9:52 of 2nd period - Shot Misses the Net.
10:26 of 2nd period - Shot by Evander Kane.
10:26 of 2nd period - Stopped by Jake Allen without a rebound.
10:27 of 2nd period - Matt Cullen wins face-off versus Adam Henrique in Avalanche zone.
10:27 of 2nd period - Matt Cullen is hit by Adam Henrique.
10:34 of 2nd period - Adam Henrique is hit by Deryk Engelland and loses puck.
11:23 of 2nd period - Icing by Brandon Carlo.
11:24 of 2nd period - Evgeny Kuznetsov wins face-off versus Mats Zuccarello in Avalanche zone.
11:52 of 2nd period - Shot by Evander Kane.
11:52 of 2nd period - Stopped by Jake Allen without a rebound.
11:53 of 2nd period - Derek Stepan wins face-off versus Matt Duchene in Avalanche zone.
12:05 of 2nd period - Shot by Chris Kreider.
12:05 of 2nd period - Stopped by Jake Allen without a rebound.
12:06 of 2nd period - Tomas Hertl wins face-off versus Brayden Point in Avalanche zone.
12:26 of 2nd period - Shot by Brayden Point.
12:26 of 2nd period - Shot Blocked by Jaccob Slavin.
12:28 of 2nd period - Shot by Marcus Kruger.
12:28 of 2nd period - Stopped by Jake Allen without a rebound.
12:29 of 2nd period - Derek Stepan wins face-off versus Evgeny Kuznetsov in Avalanche zone.
12:50 of 2nd period - Icing by Mitch Marner.
12:51 of 2nd period - Matt Duchene wins face-off versus Derek Stepan in Avalanche zone.
12:58 of 2nd period - Shot by Erik Karlsson.
12:58 of 2nd period - Shot Blocked by Zach Werenski.
13:16 of 2nd period - Shot by Chris Kreider.
13:16 of 2nd period - Stopped by Jake Allen without a rebound.
13:17 of 2nd period - Martin Hanzal wins face-off versus Evgeny Kuznetsov in Avalanche zone.
13:50 of 2nd period - Shot by Evgeny Kuznetsov.
13:50 of 2nd period - Stopped by Jake Allen with a rebound.
13:58 of 2nd period - Cody Ceci is hit by Martin Hanzal.
14:17 of 2nd period - Icing by Alex Pietrangelo.
14:18 of 2nd period - Evgeny Kuznetsov wins face-off versus Mitch Marner in Canucks zone.
14:18 of 2nd period - Evgeny Kuznetsov is hit by Jeff Skinner.
14:43 of 2nd period - Icing by Tyson Barrie.
14:44 of 2nd period - Derek Stepan wins face-off versus Adam Henrique in Avalanche zone.
15:41 of 2nd period - Matt Duchene is hit by Dylan Larkin.
15:48 of 2nd period - Off-side.
15:49 of 2nd period - Brayden Point wins face-off versus Martin Hanzal in neutral zone.
16:10 of 2nd period - Mattias Ekholm is hit by Kevin Shattenkirk and loses puck.
16:36 of 2nd period - Icing by Alexander Steen.
16:37 of 2nd period - Martin Hanzal wins face-off versus Jonathan Marchessault in Avalanche zone.
16:37 of 2nd period - Martin Hanzal is hit by Evgeny Kuznetsov.
17:05 of 2nd period - Shot by Evander Kane.
17:05 of 2nd period - Stopped by Jake Allen without a rebound.
17:06 of 2nd period - Ryan Strome wins face-off versus Derek Stepan in Avalanche zone.
17:15 of 2nd period - Shot by Mitch Marner.
17:15 of 2nd period - Stopped by Devan Dubnyk without a rebound.
17:16 of 2nd period - Matt Cullen wins face-off versus Adam Henrique in Canucks zone.
17:41 of 2nd period - Shot by Matt Cullen.
17:41 of 2nd period - Stopped by Devan Dubnyk without a rebound.
17:42 of 2nd period - Derek Stepan wins face-off versus Evgeny Kuznetsov in Canucks zone.
17:58 of 2nd period - Off-side.
17:59 of 2nd period - Matt Duchene wins face-off versus Tomas Hertl in neutral zone.
18:22 of 2nd period - Shot by Alexander Steen.
18:22 of 2nd period - Stopped by Devan Dubnyk with a rebound.
18:24 of 2nd period - Shot by Tomas Hertl.
18:24 of 2nd period - Shot Blocked by Mattias Ekholm.
18:28 of 2nd period - Shot by Alexander Steen.
18:28 of 2nd period - Shot Blocked by Mattias Ekholm.
18:30 of 2nd period - Shot by Tomas Hertl.
18:30 of 2nd period - Shot Misses the Net.
18:32 of 2nd period - Shot by Tyson Barrie.
18:32 of 2nd period - Shot Misses the Net.
18:34 of 2nd period - Shot by Alexander Steen.
18:34 of 2nd period - Shot Blocked by Mattias Ekholm.
18:36 of 2nd period - Shot by Brandon Carlo.
18:36 of 2nd period - Shot Misses the Net.
18:53 of 2nd period - Icing by Jaccob Slavin.
18:54 of 2nd period - Derek Stepan wins face-off versus Evgeny Kuznetsov in Avalanche zone.
18:54 of 2nd period - Derek Stepan is hit by Evander Kane.
19:09 of 2nd period - Shot by Jeff Skinner.
19:09 of 2nd period - Stopped by Devan Dubnyk with a rebound.
19:11 of 2nd period - Shot by Jeff Skinner.
19:11 of 2nd period - Stopped by Devan Dubnyk with a rebound.
19:40 of 2nd period - Evander Kane is hit by Deryk Engelland and loses puck.
Goals for this period are 1 for Canucks vs 0 for Avalanche.
Shots for this period are 15 for Canucks vs 9 for Avalanche.

3rd period


0:01 of 3rd period - Martin Hanzal wins face-off versus Evgeny Kuznetsov in neutral zone.
0:14 of 3rd period - Shot by Mats Zuccarello.
0:14 of 3rd period - Shot Blocked by Erik Karlsson.
1:49 of 3rd period - Shot by Anthony Beauvillier.
1:49 of 3rd period - Stopped by Jake Allen without a rebound.
1:50 of 3rd period - Matt Cullen wins face-off versus Brayden Point in Avalanche zone.
2:42 of 3rd period - Shot by Max Domi.
2:42 of 3rd period - Shot Misses the Net.
2:44 of 3rd period - Shot by Tomas Hertl.
2:44 of 3rd period - Shot Blocked by Erik Karlsson.
2:46 of 3rd period - Shot by Jaccob Slavin.
2:46 of 3rd period - Stopped by Devan Dubnyk without a rebound.
2:47 of 3rd period - Martin Hanzal wins face-off versus Evgeny Kuznetsov in Canucks zone.
3:00 of 3rd period - Shot by Mats Zuccarello.
3:00 of 3rd period - Shot Misses the Net.
3:06 of 3rd period - Sami Vatanen is hit by Evander Kane.
3:59 of 3rd period - Shot by Mitch Marner.
3:59 of 3rd period - Shot Misses the Net.
4:05 of 3rd period - Shot by Derek Stepan.
4:05 of 3rd period - Shot Misses the Net.
5:01 of 3rd period - Shot by Alexander Steen.
5:01 of 3rd period - Shot Misses the Net.
5:37 of 3rd period - Shot by Jeff Skinner.
5:37 of 3rd period - Deflect By Mitch Marner.
5:37 of 3rd period - Shot Misses the Net.
5:51 of 3rd period - Shot by Derek Stepan.
5:51 of 3rd period - Stopped by Devan Dubnyk without a rebound.
5:52 of 3rd period - Martin Hanzal wins face-off versus Evgeny Kuznetsov in Canucks zone.
6:17 of 3rd period - Shot by Evander Kane.
6:17 of 3rd period - Shot Blocked by Brandon Carlo.
6:25 of 3rd period - Shot by Martin Hanzal.
6:25 of 3rd period - Shot Misses the Net.
6:46 of 3rd period - Off-side.
6:47 of 3rd period - Anthony Beauvillier wins face-off versus Derek Stepan in neutral zone.
6:57 of 3rd period - Adam Henrique is hit by Mitch Marner.
7:01 of 3rd period - Shot by Derek Stepan.
7:01 of 3rd period - Shot Blocked by William Karlsson.
7:03 of 3rd period - Shot by Mitch Marner.
7:03 of 3rd period - Goal by Mitch Marner - Canucks : 1 - Avalanche : 1.
7:04 of 3rd period - Matt Cullen wins face-off versus Brayden Point in neutral zone.
7:06 of 3rd period - Off-side.
7:07 of 3rd period - Brayden Point wins face-off versus Derek Stepan in neutral zone.
7:22 of 3rd period - Shot by Mitch Marner.
7:22 of 3rd period - Shot Blocked by Cody Ceci.
7:53 of 3rd period - Icing by Cody Ceci.
7:54 of 3rd period - Martin Hanzal wins face-off versus Brayden Point in Canucks zone.
8:12 of 3rd period - Mats Zuccarello is hit by Cody Ceci and loses puck.
8:53 of 3rd period - Shot by Evander Kane.
8:53 of 3rd period - Shot Misses the Net.
9:18 of 3rd period - Erik Karlsson is hit by Dylan Larkin and loses puck.
9:57 of 3rd period - Shot by Adam Henrique.
9:57 of 3rd period - Shot Misses the Net.
9:59 of 3rd period - Shot by Michael Matheson.
9:59 of 3rd period - Stopped by Jake Allen without a rebound.
10:00 of 3rd period - Matt Duchene wins face-off versus Tomas Hertl in Avalanche zone.
10:11 of 3rd period - Shot by Tomas Hertl.
10:11 of 3rd period - Shot Misses the Net.
10:13 of 3rd period - Shot by Zach Werenski.
10:13 of 3rd period - Stopped by Devan Dubnyk with a rebound.
10:19 of 3rd period - Shot by Max Domi.
10:19 of 3rd period - Goal by Max Domi - Canucks : 1 - Avalanche : 2.
10:20 of 3rd period - Adam Henrique wins face-off versus Martin Hanzal in neutral zone.
11:09 of 3rd period - Kevin Shattenkirk is hit by William Karlsson.
11:17 of 3rd period - Jaccob Slavin is hit by Anthony Beauvillier and loses puck.
12:01 of 3rd period - Deryk Engelland and Chris Kreider fight to a draw.
12:01 of 3rd period - Penalty to Deryk Engelland for Fighting.
12:01 of 3rd period - Penalty to Chris Kreider for Fighting.
12:02 of 3rd period - Matt Cullen wins face-off versus Evgeny Kuznetsov in Avalanche zone.
12:20 of 3rd period - Matt Cullen is hit by Cody Ceci and loses puck.
12:23 of 3rd period - Shot by Zach Werenski.
12:23 of 3rd period - Stopped by Devan Dubnyk without a rebound.
12:24 of 3rd period - Brayden Point wins face-off versus Martin Hanzal in Canucks zone.
12:32 of 3rd period - Minor Penalty to Zach Werenski for Interference.
12:33 of 3rd period - Matt Duchene wins face-off versus Alexander Steen in Avalanche zone.
12:42 of 3rd period - Shot by Erik Karlsson.
12:42 of 3rd period - Stopped by Jake Allen without a rebound.
12:43 of 3rd period - Alexander Steen wins face-off versus Evgeny Kuznetsov in Avalanche zone.
12:52 of 3rd period - Icing by Alex Pietrangelo.
12:53 of 3rd period - Evgeny Kuznetsov wins face-off versus Alexander Steen in Canucks zone.
13:19 of 3rd period - Shot by Erik Karlsson.
13:19 of 3rd period - Stopped by Jake Allen with a rebound.
13:29 of 3rd period - Shot by Alex Pietrangelo.
13:29 of 3rd period - Stopped by Jake Allen without a rebound.
13:30 of 3rd period - Alexander Steen wins face-off versus Matt Duchene in Avalanche zone.
13:30 of 3rd period - Minor Penalty to Evander Kane for Holding.
13:31 of 3rd period - Matt Duchene wins face-off versus Alexander Steen in Canucks zone.
13:31 of 3rd period - Matt Duchene is hit by Martin Hanzal.
13:47 of 3rd period - Shot by Alexander Steen.
13:47 of 3rd period - Stopped by Devan Dubnyk without a rebound.
13:48 of 3rd period - Matt Duchene wins face-off versus Alexander Steen in Canucks zone.
13:56 of 3rd period - Icing by Tyson Barrie.
13:57 of 3rd period - Matt Duchene wins face-off versus Alexander Steen in Avalanche zone.
14:43 of 3rd period - Icing by Zach Werenski.
14:44 of 3rd period - Brayden Point wins face-off versus Matt Cullen in Avalanche zone.
14:58 of 3rd period - Off-side.
14:59 of 3rd period - Derek Stepan wins face-off versus Adam Henrique in neutral zone.
15:02 of 3rd period - Adam Henrique is hit by Mitch Marner and loses puck.
15:48 of 3rd period - Off-side.
15:49 of 3rd period - Tomas Hertl wins face-off versus Matt Duchene in neutral zone.
16:00 of 3rd period - Shot by Tomas Hertl.
16:00 of 3rd period - Deflect By Alexander Steen.
16:00 of 3rd period - Shot Misses the Net.
16:02 of 3rd period - Shot by Tomas Hertl.
16:02 of 3rd period - Shot Blocked by Cody Ceci.
16:20 of 3rd period - Shot by Max Domi.
16:20 of 3rd period - Shot Misses the Net.
16:22 of 3rd period - Shot by Tyson Barrie.
16:22 of 3rd period - Stopped by Devan Dubnyk without a rebound.
16:23 of 3rd period - Evgeny Kuznetsov wins face-off versus Matt Cullen in Canucks zone.
16:23 of 3rd period - Evgeny Kuznetsov is hit by Dylan Larkin.
16:30 of 3rd period - Icing by Sami Vatanen.
16:31 of 3rd period - Matt Cullen wins face-off versus Evgeny Kuznetsov in Avalanche zone.
16:31 of 3rd period - Matt Cullen is hit by Evgeny Kuznetsov.
16:53 of 3rd period - Shot by Evgeny Kuznetsov.
16:53 of 3rd period - Stopped by Jake Allen without a rebound.
16:54 of 3rd period - Matt Duchene wins face-off versus Martin Hanzal in Avalanche zone.
17:14 of 3rd period - Icing by Mats Zuccarello.
17:15 of 3rd period - Evgeny Kuznetsov wins face-off versus Martin Hanzal in Avalanche zone.
17:20 of 3rd period - Shot by Jonathan Marchessault.
17:20 of 3rd period - Stopped by Jake Allen with a rebound.
17:28 of 3rd period - Shot by Alexander Steen.
17:28 of 3rd period - Shot Misses the Net.
17:30 of 3rd period - Shot by Alexander Steen.
17:30 of 3rd period - Shot Misses the Net.
17:32 of 3rd period - Shot by Martin Hanzal.
17:32 of 3rd period - Stopped by Devan Dubnyk without a rebound.
17:33 of 3rd period - Derek Stepan wins face-off versus Adam Henrique in Canucks zone.
18:00 of 3rd period - Shot by Derek Stepan.
18:00 of 3rd period - Stopped by Devan Dubnyk without a rebound.
18:01 of 3rd period - Evgeny Kuznetsov wins face-off versus Martin Hanzal in Canucks zone.
18:11 of 3rd period - Minor Penalty to Mats Zuccarello for Tripping.
18:12 of 3rd period - Alexander Steen wins face-off versus Matt Duchene in Avalanche zone.
18:33 of 3rd period - Shot by Alex Pietrangelo.
18:33 of 3rd period - Shot Misses the Net.
18:35 of 3rd period - Shot by Alex Pietrangelo.
18:35 of 3rd period - Stopped by Jake Allen without a rebound.
18:36 of 3rd period - Evgeny Kuznetsov wins face-off versus Alexander Steen in Avalanche zone.
18:45 of 3rd period - Shot by Adam Henrique.
18:45 of 3rd period - Shot Blocked by Jaccob Slavin.
18:47 of 3rd period - Shot by Brayden Point.
18:47 of 3rd period - Goal by Brayden Point - Canucks : 2 - Avalanche : 2.
18:48 of 3rd period - Matt Duchene wins face-off versus Derek Stepan in neutral zone.
19:52 of 3rd period - Erik Karlsson is hit by Max Domi and loses puck.
Goals for this period are 1 for Canucks vs 2 for Avalanche.
Shots for this period are 9 for Canucks vs 10 for Avalanche.

Overtime #1


0:01 of 1st overtime period - Matt Duchene wins face-off versus Martin Hanzal in neutral zone.
0:39 of 1st overtime period - Shot by Matt Duchene.
0:39 of 1st overtime period - Stopped by Jake Allen with a rebound.
1:53 of 1st overtime period - Shot by Mats Zuccarello.
1:53 of 1st overtime period - Deflect By Matt Cullen.
1:53 of 1st overtime period - Shot Misses the Net.
2:04 of 1st overtime period - Off-side.
2:05 of 1st overtime period - Martin Hanzal wins face-off versus Matt Duchene in neutral zone.
2:12 of 1st overtime period - Shot by Martin Hanzal.
2:12 of 1st overtime period - Shot Hit the Post.
2:14 of 1st overtime period - Shot by Alexander Steen.
2:14 of 1st overtime period - Shot Misses the Net.
2:21 of 1st overtime period - Shot by Alexander Steen.
2:21 of 1st overtime period - Shot Misses the Net.
2:27 of 1st overtime period - Shot by Martin Hanzal.
2:27 of 1st overtime period - Goal by Martin Hanzal - Canucks : 2 - Avalanche : 3.
Goals for this period are 0 for Canucks vs 1 for Avalanche.
Shots for this period are 1 for Canucks vs 1 for Avalanche.